 Dungeon Crawl Stone Soup version 0.25-a0-1056-g2efb326896 (webtiles) character file.

Game seed: 11170726186431488509, levelgen mode: deterministic

17969 HoaS the Grappler (level 12, -1/80 HPs)
             Began as a Gargoyle Berserker on May 11, 2020.
             Was a High Priest of Trog.
             Slain by an alligator simulacrum (15 damage)
             ... in an ice cave on May 13, 2020.
             The game lasted 00:42:47 (16410 turns).

HoaS the Grappler (Gargoyle Berserker)             Turns: 16410, Time: 00:42:48

Health: -1/80      AC: 24    Str: 20    XL:     12   Next: 53%
Magic:  12/12      EV:  6    Int: 10    God:    Trog [*****.]
Gold:   1140       SH:  0    Dex: 13    Spells: 11/11 levels left

rFire    . . .     SeeInvis .     - Unarmed
rCold    . . .     Gourm    .   (no shield)
rNeg     + . .     Faith    .   B - +0 plate armour
rPois    ∞         Spirit   .   d - +1 helmet
rElec    +         Reflect  .   q - +0 cloak
rCorr    .         Harm     .   v - +0 pair of gloves
MR       ++...                  (no boots)
Stlth    ..........             x - amulet of regeneration
HPRegen  1.63/turn              (no ring)
MPRegen  0.13/turn              (no ring)

@: starving, regenerating
A: negative energy resistance 1, electricity resistance, unbreathing,
petrification resistance, rot immunity, AC +8
a: Berserk, Trog's Hand, Brothers in Arms, Renounce Religion


You were in an ice cave.
You worshipped Trog.
Trog was extremely pleased with you.
You were starving.

You visited 2 branches of the dungeon, and saw 13 of its levels.
You also visited: Bailey and Ice Cave.

You collected 1140 gold pieces.

Inventory:

Hand Weapons
 w - a +0 shortbow
Missiles
 y - 157 arrows (quivered)
Armour
 d - a +1 helmet (worn)
 q - a +0 cloak (worn)
 v - a +0 pair of gloves (worn)
 B - a +0 plate armour (worn)
Jewellery
 x - an amulet of regeneration (around neck)
 E - an uncursed ring of ice
Wands
 e - a wand of polymorph (16)
 f - a wand of flame (22)
 n - a wand of paralysis (4)
 s - a wand of digging (6)
 z - a wand of enslavement (11)
 G - a wand of iceblast (7)
Scrolls
 g - 8 scrolls of teleportation
 j - 4 scrolls of remove curse
 m - 3 scrolls of magic mapping
 o - 4 scrolls of fog
 t - a scroll of enchant weapon
 u - 2 scrolls of fear
 A - 3 scrolls of identify
Potions
 a - 2 potions of might
 c - 8 potions of curing
 h - 4 potions of flight
 i - 3 potions of mutation
 k - 2 potions of lignification
 l - 3 potions of heal wounds
 p - 2 potions of stabbing
 r - a potion of ambrosia
Comestibles
 b - 17 rations


   Skills:
 + Level 11.1 Fighting
 + Level 11.1 Bows
 - Level 2.1 Armour
 - Level 1.5 Dodging
 * Level 13.7 Unarmed Combat


You had 11 spell levels left.
You didn't know any spells.
Your spell library was empty.

Dungeon Overview and Level Annotations

Branches:
Dungeon (10/15)            Temple (0/1) D:4            Lair (3/6) D:10
    Orc (0/2) D:10         Bailey (visited)           IceCv (1/1)
  Swamp: Lair:2-4    Shoals: Lair:2-4     Snake: Lair:2-4    Spider: Lair:2-4

Altars:
Cheibriados
Dithmenos
Elyvilon
Gozag
Kikubaaqudgha
Makhleb
Nemelex Xobeh
Ru
Sif Muna
Trog
Uskayaw
Vehumet
Wu Jian
Yredelemnul
Beogh

Annotations:
Lair:1 exclusion: 3 oklob plants


Innate Abilities, Weirdness & Mutations

You are resistant to torment.
Your stone body is resilient. (AC +8)
You are immune to poison.
You resist negative energy. (rN+)
You are resistant to electric shocks. (rElec)
You can survive without breathing.
You are immune to petrification.
You are immune to rotting.


Message History

The alligator simulacrum tail-slaps your ogre.
The alligator simulacrum freezes your ogre!!
Your ogre dies!
Your ogre's corpse disappears in a puff of smoke!
You punch the death yak simulacrum!
The death yak simulacrum is almost destroyed.
The death yak simulacrum gores you! The death yak simulacrum freezes you!!
You punch the death yak simulacrum!
The death yak simulacrum vapourises!
Trog accepts your kill.
You punch the elephant simulacrum!
The elephant simulacrum is moderately damaged.
You hit the elephant simulacrum but do no damage.
The elephant simulacrum is moderately damaged.
The elephant simulacrum tramples you. The elephant simulacrum freezes you!!
The elephant simulacrum trunk-slaps you but does no damage.
The alligator simulacrum bites you!
* * * LOW HITPOINT WARNING * * *
The alligator simulacrum freezes you!
You die...

#### ##..##
###....##
..##.......#
.......∩.Z@#
#........Z.#
##..##....##
## ##..##
####


You could see an alligator simulacrum and an elephant simulacrum.

Vanquished Creatures
  2 hydras (Lair:2)
  A catoblepas (D:10)
  2 two-headed ogres
  Sonja (Lair:3)
  A lindwurm (Lair:2)
  A gargoyle (D:10)
  6 spiny frogs
  2 komodo dragons
  A rime drake (Lair:2)
  A centaur skeleton (D:9)
  A troll (D:9)
  A hornet (D:10)
  Grinder (D:5)
  5 hippogriffs
  A spriggan (D:9)
  7 yaks (Lair:2)
  A wyvern (D:10)
  A basilisk (Lair:2)
  A death yak simulacrum (IceCv)
  A hungry ghost (D:7)
  A porcupine (Lair:2)
  8 water moccasins
  5 orc warriors
  A swamp drake (D:10)
  A black bear (shapeshifter) (D:10)
  A necrophage (D:7)
  2 ice beasts
  5 ogres
  2 sky beasts
  6 wolves (Lair:2)
  3 centaurs
  6 crocodiles
  2 big kobolds
  6 bullfrogs
  8 gnoll sergeants (Bailey)
  A wyvern skeleton (D:10)
  4 wights
  5 killer bees (D:7)
  3 howler monkeys
  2 centaur zombies
  6 crimson imps
  A lava snake (D:10)
  3 bullfrog skeletons
  8 orc priests
  A bullfrog zombie (D:8)
  A jelly (D:10)
  8 gnoll shamans
  5 hounds
  Ijyb (D:4)
  5 iguanas
  6 orc wizards
  5 worker ants
  A hound zombie (D:9)
  A hound skeleton (D:7)
  26 gnolls
  11 adders
  A howler monkey skeleton (D:4)
  A shadow imp (D:6)
  12 white imps
  2 oozes
  2 worms
  3 dart slugs
  6 leopard geckos
  53 orcs
  2 ball pythons (D:3)
  6 bats
  4 giant cockroaches
  7 hobgoblins
  A jackal (D:7)
  3 quokkas
  4 frilled lizards
  15 goblins
  A jackal skeleton (D:9)
  19 kobolds
  A leopard gecko skeleton (D:4)
  A leopard gecko zombie (D:8)
  A quokka zombie (D:8)
  10 rats
354 creatures vanquished.

Vanquished Creatures (collateral kills)
  A wolf spider simulacrum (IceCv)
1 creature vanquished.

Grand Total: 355 creatures vanquished

Notes
Turn   | Place    | Note
-------+----------+-------------------------------------------
     0 | D:1      | HoaS the Gargoyle Berserker began the quest for the Orb.
     0 | D:1      | Reached XP level 1. HP: 14/14 MP: 1/1
   331 | D:1      | Reached XP level 2. HP: 16/19 MP: 2/2
  1311 | D:2      | Reached XP level 3. HP: 24/24 MP: 3/3
  1335 | D:2      | Found a shimmering blue altar of Sif Muna.
  1338 | D:2      | Found a radiant altar of Vehumet.
  1445 | D:2      | Reached ** piety under Trog
  1506 | D:2      | Found an ornate altar of the Wu Jian Council.
  1517 | D:2      | Reached skill level 4 in Unarmed Combat
  2454 | D:3      | Reached XP level 4. HP: 29/29 MP: 4/4
  2567 | D:3      | Found a sacrificial altar of Ru.
  2860 | D:3      | Reached XP level 5. HP: 34/34 MP: 5/5
  2865 | D:3      | Found a snail-covered altar of Cheibriados.
  3066 | D:3      | Reached skill level 5 in Unarmed Combat
  3176 | D:3      | Reached *** piety under Trog
  3293 | D:3      | Found a burning altar of Makhleb.
  3751 | D:4      | Noticed an ogre
  3776 | D:4      | Killed an ogre
  3776 | D:4      | Reached XP level 6. HP: 35/40 MP: 6/6
  3902 | D:4      | Reached skill level 5 in Fighting
  4058 | D:4      | Noticed Ijyb
  4059 | D:4      | Paralysed by Ijyb for 5 turns
  4077 | D:4      | Killed Ijyb
  4077 | D:4      | Reached skill level 6 in Unarmed Combat
  4432 | D:4      | Reached XP level 7. HP: 19/44 MP: 7/7
  4791 | D:4      | Found a shadowy altar of Dithmenos.
  4889 | D:4      | Found a staircase to the Ecumenical Temple.
  5005 | D:5      | Entered Level 5 of the Dungeon
  5095 | D:5      | Reached skill level 7 in Unarmed Combat
  5318 | D:5      | You fall into a shaft and drop 1 floor!
  5399 | D:5      | Found an ancient bone altar of Kikubaaqudgha.
  5409 | D:5      | Noticed Grinder
  5427 | D:5      | Killed Grinder
  5427 | D:5      | Reached XP level 8. HP: 47/51 MP: 8/8
  5737 | D:5      | Found a bloodstained altar of Trog.
  6147 | D:6      | Reached **** piety under Trog
  6159 | D:6      | Reached skill level 8 in Unarmed Combat
  6690 | D:7      | Noticed a hippogriff
  6712 | D:6      | Killed a hippogriff
  7123 | D:7      | Found an opulent altar of Gozag.
  7168 | D:7      | Reached XP level 9. HP: 57/57 MP: 9/9
  7439 | D:7      | Reached skill level 5 in Bows
  7476 | D:7      | Paralysed by fainting for 8 turns
  7491 | D:7      | Reached skill level 9 in Unarmed Combat
  8023 | D:7      | Found a white marble altar of Elyvilon.
  8023 | D:7      | Found a sparkling altar of Nemelex Xobeh.
  8061 | D:7      | Reached ***** piety under Trog
  8591 | D:8      | Noticed a two-headed ogre
  8777 | D:8      | Killed a two-headed ogre
  8777 | D:8      | Reached skill level 10 in Unarmed Combat
  8801 | D:8      | Found a basalt altar of Yredelemnul.
  8823 | D:8      | Reached XP level 10. HP: 39/64 MP: 10/10
  8843 | D:8      | Found a flagged portal.
  8874 | Bailey   | Entered a bailey
 10511 | D:8      | Received a gift from Trog
 10712 | D:8      | Found a hide-covered altar of Uskayaw.
 11184 | D:9      | Reached skill level 11 in Unarmed Combat
 11494 | D:9      | Noticed a two-headed ogre
 11506 | D:9      | Killed a two-headed ogre
 11660 | D:9      | Reached XP level 11. HP: 51/71 MP: 11/11
 12052 | D:10     | Entered Level 10 of the Dungeon
 12304 | D:10     | Noticed a catoblepas
 12322 | D:10     | Killed a catoblepas
 12632 | D:10     | Found a staircase to the Lair.
 13236 | D:10     | Reached skill level 12 in Unarmed Combat
 13269 | D:10     | Found a roughly hewn altar of Beogh.
 13269 | D:10     | Found a staircase to the Orcish Mines.
 13748 | D:10     | Reached skill level 10 in Bows
 14276 | Lair:1   | Entered Level 1 of the Lair of Beasts
 14447 | Lair:1   | Reached skill level 10 in Fighting
 14776 | Lair:1   | Noticed an oklob plant
 14777 | Lair:1   | Noticed an oklob plant
 14778 | Lair:1   | Noticed an oklob plant
 15199 | Lair:2   | Received a gift from Trog
 15209 | Lair:2   | Noticed a seven-headed hydra
 15221 | Lair:2   | Killed a seven-headed hydra
 15275 | Lair:2   | Reached XP level 12. HP: 39/78 MP: 12/12
 15501 | Lair:2   | Reached skill level 13 in Unarmed Combat
 16135 | Lair:3   | Noticed Sonja
 16136 | Lair:3   | Upgraded the game from 0.25-a0-1007-g10a8c3caa8 to
                  | 0.25-a0-1056-g2efb326896
 16144 | Lair:3   | Killed Sonja
 16278 | Lair:3   | Noticed a six-headed hydra
 16291 | Lair:2   | Killed a six-headed hydra
 16387 | Lair:3   | Found a frozen archway.
 16398 | IceCv    | Entered an ice cave
 16410 | IceCv    | Slain by an alligator simulacrum

Illustrated notes

Levels and vault maps discovered:
D:1:      beargit_arrival_greenhouse, layout_basic
D:2:      layout_basic, nicolae_overflow_crystal_walls,
          grunt_temple_overflow_open
D:3:      minmay_bubble_buster, layout_loops_ring, lightli_temple_of_fire,
          kennysheep_slug_shrine, nicolae_ru_sacrificial_ziggurat,
          hangedman_decor_growths
D:4:      layout_rooms, nicolae_dithmenos_the_darkroom,
          minmay_temple_entry_fiery, uniq_ijyb
D:5:      layout_basic, kennysheep_mini, first_ration, minmay_hedge_maze,
          trog_hazing_becter, uniq_grinder
D:6:      layout_basic, lemuel_another_geyser
D:7:      minmay_recursive_quarters, layout_basic,
          lemuel_coloured_pillars_altar, gammafunk_temple_overflow_elements
D:8:      layout_cave_pods, lemuel_doored_altar, basic_altar, enter_bailey_7
D:9:      layout_rooms, the_bakery
D:10:     layout_basic, erik_lair_dragon, david_orc_5, kennysheep_island_fort
Lair:1:   layout_big_grid, serial_bayou_pond_a, grunt_megastairs_5,
          minmay_lair_oklob_chamber
Lair:2:   layout_chaotic_city, minmay_shattered_shrine,
          infiniplex_staircase_pool
Lair:3:   layout_hall_layers, minmay_snake_entry_six_corridors,
          portal_ice_cave_entry_imps, roderic_carrion_pond, uniq_sonja
IceCv:    ice_cave_small_necro

Skill      XL: |  1  2  3  4  5  6  7  8  9 10 11 12 |
---------------+-------------------------------------+-----
Unarmed Combat | 4 5 6 7 8 10 11 12 13 | 13.7
Fighting       | 4 5 6 7 8 9 10 11 | 11.1
Bows           | 2 4 7 9 10 11 | 11.1
Armour         | |  2.1
Dodging        | |  1.5

Action                   |  1- 3 |  4- 6 |  7- 9 | 10-12 || total
-------------------------+-------+-------+-------+-------++-------
Melee: Unarmed           |   140 |   254 |   386 |   901 ||  1681
       Punch             |       |    10 |     7 |    36 ||    53
Invok: Berserk           |       |     3 |     3 |     2 ||     8
       Trog's Hand       |       |       |     1 |     3 ||     4
       Brothers in Arms  |       |       |       |     1 ||     1
Evoke: Wand              |       |       |       |     3 ||     3
  Use: Scroll            |       |    12 |    11 |     7 ||    30
  Eat: Chunk             |     4 |    10 |    14 |    16 ||    44
       Ration            |       |       |     2 |     3 ||     5
Armor: Animal skin       |    25 |       |       |       ||    25
       Ring mail         |    14 |    92 |     1 |       ||   107
       Chain mail        |       |       |   269 |   171 ||   440
       Plate armour      |       |       |       |   532 ||   532
Dodge: Dodged            |    90 |   103 |   176 |   310 ||   679

Table legend:
 A = Non-vault XP
 B = Vault XP
 C = Vault XP percentage of total XP
 D = Non-vault monster count
 E = Vault monster count
 F = Vault count percentage of total count
                 A         B        C        D         E       F
            +---------+---------+-------+---------+---------+-------
      Total |   17420 |    8250 |  32.1 |     240 |     115 |  32.4
            +---------+---------+-------+---------+---------+-------
        D:1 |      32 |       0 |   0.0 |      18 |       0 |   0.0
        D:2 |      40 |       0 |   0.0 |      11 |       0 |   0.0
        D:3 |     132 |      23 |  14.8 |      33 |      12 |  26.7
        D:4 |     444 |      35 |   7.3 |      24 |       1 |   4.0
        D:5 |     423 |     279 |  39.7 |      13 |       7 |  35.0
        D:6 |     591 |       0 |   0.0 |      13 |       0 |   0.0
        D:7 |    1605 |      37 |   2.3 |      35 |       2 |   5.4
        D:8 |    1836 |      32 |   1.7 |      19 |       4 |  17.4
        D:9 |    2374 |     220 |   8.5 |      26 |       1 |   3.7
       D:10 |    2177 |    2079 |  48.8 |      16 |      30 |  65.2
     Lair:1 |    1611 |     239 |  12.9 |       7 |       2 |  22.2
     Lair:2 |    5737 |    2795 |  32.8 |      24 |      13 |  35.1
     Lair:3 |     418 |    1017 |  70.9 |       1 |      11 |  91.7
     Bailey |       0 |    1225 | 100.0 |       0 |      30 | 100.0
      IceCv |       0 |     269 | 100.0 |       0 |       2 | 100.0
            +---------+---------+-------+---------+---------+-------
